 Dungeon Crawl Stone Soup version 0.17.0-25-gefc9c12 (webtiles) character file.

137 shklvsk the Cudgeler (level 5, -8/39 HPs)
             Began as a Mummy Wanderer on Nov 18, 2015.
             Killed by divine providence
             ... invoked by an orc priest
              (13 damage)
             ... on level 4 of the Dungeon.
             The game lasted 00:10:28 (3397 turns).

shklvsk the Cudgeler (Mummy Wanderer)               Turns: 3397, Time: 00:10:28

Health: -8/39      AC: 10    Str: 17    XL:     5   Next: 0%
Magic:  5/5        EV:  4    Int: 13    God:
Gold:   173        SH:  0    Dex:  9    Spells: 0 memorised, 4 levels left

rFire  x . .     SeeInvis .     h - +0 flail
rCold  + . .     Clarity  .     a - +2 scale mail
rNeg   + + +     SustAt   .     (no shield)
rPois  ∞         Gourm    .     d - +0 helmet
rElec  .         Spirit   .     e - +0 cloak
rCorr  .         Warding  .     (no gloves)
rMut   .         Stasis   .     (no boots)
MR     .....                    (no amulet)
Stlth  ..........               (no ring)
                                (no ring)

@: not resistant to hostile enchantments, extremely unstealthy
A: no food or potions, fire vulnerability, cold resistance 1, negative energy
resistance 3, torment resistance, unbreathing
a: no special abilities


You were on level 4 of the Dungeon.
You were not hungry.

You visited 2 branches of the dungeon, and saw 5 of its levels.

You collected 173 gold pieces.

Inventory:

Hand Weapons
 b - a +0 hand axe
 h - a +0 flail (weapon)
   (You found it on level 2 of the Dungeon)
Missiles
 g - 121 stones (quivered)
Armour
 a - a +2 scale mail (worn)
 d - a +0 helmet (worn)
   (You found it on level 1 of the Dungeon)
 e - a +0 cloak (worn)
   (You found it on level 1 of the Dungeon)
Jewellery
 m - an uncursed ring of ice {rC+, rF-}
   (You found it on level 3 of the Dungeon)
Scrolls
 f - 4 scrolls of identify
 i - 2 scrolls of random uselessness
 j - a scroll of enchant weapon
 n - a scroll of remove curse


   Skills:
 - Level 2.4 Fighting
 - Level 1.0(2.3) Axes
 * Level 3.4(3.5) Maces & Flails
 - Level 2.3 Armour
   Level 1.0 Shields
 - Level 1.5 Unarmed Combat
   Level 1.0 Evocations


You had 4 spell levels left.
You didn't know any spells.

Dungeon Overview and Level Annotations

Branches:
Dungeon (4/15)             Temple (1/1) D:4

Altars:
Ashenzari
Cheibriados
Fedhas
Nemelex Xobeh
Okawaru
Qazlal
Ru
Trog
Xom
Yredelemnul
Zin
The Shining One

Annotations:
D:3 exclusion: downstairs


Innate Abilities, Weirdness & Mutations

You do not eat or drink.
Your flesh is vulnerable to fire.
You are immune to poison.
Your flesh is cold resistant.
You are immune to negative energy.
You are immune to unholy pain and torment.
You can survive without breathing.


Message History

There is a staircase to the Ecumenical Temple here.
You climb downwards.
Welcome to the Ecumenical Temple!
Found four altars.
There is a staircase back to the Dungeon here.
Found a sparkling altar of Nemelex Xobeh.
Found a glowing golden altar of the Shining One.
Found a blossoming altar of Fedhas.
Found a shattered altar of Ashenzari.
Found a basalt altar of Yredelemnul.
Found a glowing silver altar of Zin.
Found an iron altar of Okawaru.
Found a snail-covered altar of Cheibriados.
There is a staircase back to the Dungeon here.
You climb upwards.
Welcome back to the Dungeon!
There is a staircase to the Ecumenical Temple here.
The orc wizard shouts!
The ogre shouts!
You climb downwards.
Welcome to the Ecumenical Temple!
There is a staircase back to the Dungeon here.
You start waiting.
Done waiting.
You climb upwards.
Welcome back to the Dungeon!
A giant newt and an orc come into view.
There is a staircase to the Ecumenical Temple here.
The giant newt hisses menacingly.
The orc wizard mumbles some strange words.
The orc wizard flickers and vanishes!
Deactivating autopickup; reactivate with Ctrl-A.
A puff of flame appears from out of thin air!
The puff of flame hits you! The fire burns you terribly!
You take 15 damage, and have 24/39 hp.
MASSIVE DAMAGE!!
A puff of frost appears from out of thin air!
The puff of frost hits you! You resist.
You take 2 damage, and have 23/39 hp.
You hear some strange, mumbled words.
A puff of flame appears from out of thin air!
The puff of flame hits you! The fire burns you terribly!
You take 4 damage, and have 19/39 hp.
You hear some strange, mumbled words.
A puff of flame appears from out of thin air!
The puff of flame hits you!
Read which item? (? for menu, Esc to quit)
As you read the scroll labeled PIHOT TEN TYENINN, it crumbles to dust.
It is a scroll of identify.
Identify which item? (\ to view known items) (? for menu, Esc to quit)
j - a scroll of enchant weapon Something hits you but does no damage.
Read which item? (? for menu, Esc to quit)
As you read the scroll labeled VAVYBB VAIH, it crumbles to dust.
Your ears itch!
It was a scroll of random uselessness.
An orc wizard appears from thin air!
Reactivating autopickup.
The orc wizard barely misses you.
Read which item? (? for menu, Esc to quit)
As you read the scroll labeled SOTIT AVAOKEGG, it crumbles to dust.
You assume a fearsome visage.
The orc wizard looks frightened!
The orc looks frightened!
It was a scroll of fear.
The orc wizard mumbles some strange words.
The orc wizard flickers and vanishes!
Deactivating autopickup; reactivate with Ctrl-A.
Read which item? (? for menu, Esc to quit)
As you read the scroll of teleportation, it crumbles to dust.
You feel strangely unstable.
Your surroundings suddenly seem different.
The orc shouts!
A worker ant comes into view.
The worker ant twitches its antennae in your direction.
Read which item? (? for menu, Esc to quit)
As you read the scroll labeled NEMYSO DEOF, it crumbles to dust.
You feel blessed for a moment.
It was a scroll of remove curse.
The orc priest calls down the wrath of Beogh upon you.
You are unaffected.
Read which item? (? for menu, Esc to quit)
As you read the scroll labeled FOIMIKLE PUIN, it crumbles to dust.
The creatures around you are filled with an inner flame!
It was a scroll of immolation.
The orc barely misses you. The orc barely misses you. The orc hits you.
You take 1 damage, and have 20/39 hp.
The orc priest invokes the aid of Beogh against you.
Something smites you!
* * * LOW HITPOINT WARNING * * *
You take 12 damage, and have 8/39 hp.
MASSIVE DAMAGE!!
The worker ant bites you.
* * * LOW HITPOINT WARNING * * *
You take 5 damage, and have 4/39 hp.
Read which item? (? for menu, Esc to quit)
As you read the scroll labeled FEQAPY GE PIS, it crumbles to dust.
You feel aware of your surroundings.
You sensed 6 altars.
It was a scroll of magic mapping.
The worker ant barely misses you.
You can't drink.
Found a stone staircase leading up.
The worker ant barely misses you.
The worker ant bites you but does no damage.
There is a stone staircase leading up here.
The worker ant bites you but does no damage.
The orc priest mumbles some strange prayers to Beogh against you.
Something smites you!
You die...

#####<#....###....##..........#.#
#***###....# #....##..........#.#
,,,,,,.....# #...###.........8888
.,,**###...###..o............8...
##,****....##................8.>.
.,,,,,,....##...O....###+###.8...
##,****....##...o....# *,* #.88.8
,,,,***,,,,*#...al...# *,* #.....
,,,,,,,,,,,*#...@....# *,* ##....
**,,******,*#........#**,* #....
,,,,,,,,,...............,***#....
*,*,*****#.##.........##,,,,#....
*,,,,,,,,.,*#.........#*,,,,#....
*,,,,,******##++####..#*,,,,#....
**,,,,* *_,,,,,,_*..#*,,,,#....
++,,,,* **,,,,,,,,**..,,,,,*****
**,,,,* *,,,*,,*,,,*,,,,,,,*


You could see an ogre (inner flame), a worker ant (inner flame), an orc priest
(inner flame), an orc (inner flame) and a giant newt (inner flame).

Vanquished Creatures
  A worker ant (D:4)
  6 adders
  An ooze (D:2)
  A worm (D:3)
  4 giant geckos
  5 bats
  2 giant cockroaches
  8 goblins
  5 hobgoblins
  4 jackals (D:2)
  2 quokkas (D:3)
  3 giant newts
  7 kobolds
  2 rats
51 creatures vanquished.

Notes
Turn   | Place    | Note
--------------------------------------------------------------
     0 | D:1      | shklvsk the Mummy Wanderer began the quest for the Orb.
     0 | D:1      | shklvsk set off with: a +2 scale mail, a +0 hand axe, a scroll of teleportation
     0 | D:1      | Reached XP level 1. HP: 16/16 MP: 1/1
   359 | D:1      | Reached XP level 2. HP: 17/22 MP: 2/2
   446 | D:1      | Reached skill level 2 in Armour
  1099 | D:2      | Reached skill level 1 in Axes
  1130 | D:2      | Reached XP level 3. HP: 21/28 MP: 3/3
  1291 | D:2      | Reached skill level 2 in Maces & Flails
  1996 | D:3      | Reached XP level 4. HP: 34/34 MP: 4/4
  2237 | D:3      | Reached skill level 3 in Maces & Flails
  2974 | D:4      | Noticed an ogre
  3127 | D:4      | Reached XP level 5. HP: 39/39 MP: 5/5
  3145 | D:4      | Found a staircase to the Ecumenical Temple.
  3175 | Temple   | Entered the Ecumenical Temple
  3381 | D:4      | HP: 8/39 [orc priest/divine providence (12)]
  3397 | D:4      | Killed from afar by an orc priest

Action                   |  1- 3 |  4- 6 || total
-------------------------+-------+-------++-------
Melee: Hand axe          |    83 |       ||    83
       Flail             |    72 |    86 ||   158
Throw: Stone             |    10 |     5 ||    15
  Use: Scroll            |       |     7 ||     7

Vault maps used:
D:1:      ncdulo_watergridlock
D:4:      minmay_overflow_temple_hex, minmay_temple_entry_statues
Temple:   circular_temple_12

Table legend:
 A = Turns spent in this place as a percentage of turns spent in the entire game.
 B = Non-inter-level travel turns spent in this place as a percentage of non-inter-level travel turns spent in the entire game.
 C = Inter-level travel turns spent in this place as a percentage of turns spent in this place.
 D = Turns resting spent in this place as a percentage of non-inter-level travel turns spent in this place.
 E = Turns spent auto-exploring this place as a percentage of non-inter-level travel turns spent in this place.
 F = Non-inter-level travel turns spent in this place divided by the number of levels of this place that you've seen.
                   A       B       C       D       E      F
               +-------+-------+-------+-------+-------+----------------------
         Total | 100.0 | 100.0 |   0.6 |   3.4 |   4.7 | 189.6
       Dungeon |  94.1 |  94.1 |   0.7 |   3.4 |   5.0 | 223.0
        Temple |   5.9 |   5.9 |   0.0 |   3.6 |   0.0 |  56.0
               +-------+-------+-------+-------+-------+----------------------

Table legend:
 A = Kills in this place as a percentage of kills in entire the game.
 B = Kills by you in this place as a percentage of kills by you in the entire game.
 C = Kills by friends in this place as a percentage of kills by friends in the entire game.
 D = Other kills in this place as a percentage of other kills in the entire game.
 E = Experience gained in this place as a percentage of experience gained in the entire game.
 F = Experience gained in this place divided by the number of levels of this place that you have seen.
                   A       B       C       D       E      F
               +-------+-------+-------+-------+-------+----------------------
         Total | 100.0 | 100.0 |  -nan |  -nan | 100.0 |  39.2
       Dungeon | 100.0 | 100.0 |  -nan |  -nan | 100.0 |  49.0
               +-------+-------+-------+-------+-------+----------------------
